 Dungeon Crawl Stone Soup version 0.27.1-2-g3b301248ec (webtiles) character file.

Game seed: 6266913253767350503

23025 jjjjhere the Basher (level 12, -1/81 HPs)
             Began as a Demonspawn Fighter on Oct 1, 2021.
             Was a Plaything of Xom.
             Slain by an ogre mage (10 damage)
             ... while paralysed by an ogre mage
             ... on level 2 of the Orcish Mines.
             The game lasted 00:57:28 (16297 turns).

jjjjhere the Basher (Demonspawn Fighter)           Turns: 16297, Time: 00:57:29

Health: -1/81      AC: 12    Str: 16    XL:     12   Next: 68%
Magic:  13/13      EV:  2    Int: 10    God:    Xom [.....*]
Gold:   1204       SH:  0    Dex: 22    Spells: 11/11 levels left

rFire    . . .     SeeInvis .   a - +0 flail
rCold    . . .     Faith    .   p - +0 tower shield
rNeg     . . .     Spirit   .   g - +0 chain mail
rPois    .         Reflect  .   (helmet restricted)
rElec    +         Harm     .   (no cloak)
rCorr    .         Rampage  .   G - +2 pair of gloves
Will     .....                  (no boots)
Stlth    ..........             d - amulet of regeneration
HPRegen  2.23/turn              q - +4 ring of evasion
MPRegen  0.13/turn              B - +6 ring of dexterity

@: paralysed, mighty, cleaving
A: antennae 2, foul stench 1, sturdy frame 1, demonic magic 2, talons 1, large
bone plates 1, agile 1, high mp 1, sense surroundings 1, regeneration 1,
electricity resistance, weak 2, noise suppression
a: Renounce Religion


You were on level 2 of the Orcish Mines.
You worshipped Xom.
You were Xom's teddy bear.
You visited 3 branches of the dungeon, and saw 15 of its levels.

You collected 1204 gold pieces.

Inventory:

Hand Weapons
 a - a +0 flail (weapon)
 v - a +0 morningstar
Missiles
 i - 3 silver javelins (quivered)
 j - 4 javelins
 n - 64 poisoned darts
 s - 9 boomerangs of dispersal
Armour
 c - a +0 kite shield
 g - a +0 chain mail (worn)
 p - a +0 tower shield (worn)
 G - a +2 pair of gloves (worn)
Jewellery
 d - an amulet of regeneration (around neck)
 k - an amulet of magic regeneration
 m - an amulet of guardian spirit
 q - a +4 ring of evasion (left hand)
 B - a +6 ring of dexterity (right hand)
 E - a ring of resist corrosion
 F - a ring of see invisible
 H - an amulet of the acrobat
 J - a ring of ice
Wands
 l - a wand of paralysis (4)
 u - a wand of mindburst (4)
 z - a wand of flame (18)
Scrolls
 f - a scroll of acquirement
 h - 3 scrolls of immolation
 t - 5 scrolls of vulnerability
 w - a scroll of brand weapon
 y - 3 scrolls of amnesia
 A - 3 scrolls of magic mapping
 C - 2 scrolls of fog
 K - 2 scrolls of identify
Potions
 b - 2 potions of resistance
 e - a potion of curing
 r - a potion of mutation
 D - 4 potions of might
Miscellaneous
 o - a phial of floods (inert)


   Skills:
 - Level 3.0 Fighting
 + Level 13.7 Maces & Flails
 - Level 2.6 Armour
 + Level 13.7 Shields


You had 11 spell levels left.
You didn't know any spells.
Your spell library contained the following spells:

 Spells                   Type           Power      Damage    Failure   Level
 Freeze                   Ice            0%         1d3       100%        1
 Magic Dart               Conj           0%         1d3       100%        1
 Blink                    Tloc           N/A        N/A       100%        2
 Call Imp                 Summ           0%         N/A       100%        2
 Frozen Ramparts          Ice            0%         1d2       100%        3
 Gell's Gravitas          Tloc           0%         N/A       100%        3
 Mephitic Cloud           Conj/Pois/Air  0%         N/A       100%        3
 Ozocubu's Armour         Ice            0%         N/A       100%        3
 Teleport Other           Tloc           0%         N/A       100%        3
 Hailstorm                Conj/Ice       0%         3d3       100%        4
 Ice Form                 Ice/Tmut       0%         N/A       100%        4
 Manifold Assault         Tloc           0%         N/A       100%        5
 Metabolic Englaciation   Hex/Ice        0%         N/A       100%        5
 Dispersal                Tloc           0%         N/A       100%        6
 Simulacrum               Ice/Necr       0%         N/A       100%        6
 Storm Form               Tmut/Air       0%         N/A       100%        7


Dungeon Overview and Level Annotations

Branches:
Dungeon (11/15)            Temple (0/1) D:5            Lair (2/6) D:10
 Shoals (0/4) Lair:2          Orc (2/2) D:9             Elf (0/3) Orc:2
  Snake: Lair:2-4    Spider: Lair:2-4

Altars:
Dithmenos
Fedhas
Gozag
Nemelex Xobeh
Ru
Trog
Uskayaw
Xom
Yredelemnul

Shops:
Orc:1 (   Orc:2 [?*(

Annotations:
D:5 1 runed translucent door, fortune76's ghost, novice DrEE
D:8 1 runed translucent door, exclusion: 2 doors, PewDiePie's ghost, novice MiBe


Innate Abilities, Weirdness & Mutations

You have a pair of antennae on your head.
You may rarely emit foul miasma when damaged in melee.
Your movements are slightly less encumbered by armour. (ER -2)
Spells you cast may paralyse nearby enemies.
You have sharp toenails.
You are partially covered in large bone plates. (SH +4)
You are agile. (Dex +2)
You have an increased reservoir of magic. (+10% MP)
You passively map a small area around you.
Your natural rate of healing is unusually fast.
You are resistant to electric shocks. (rElec)
You are very weak. (Str -4)
You passively dampen the noise of your surroundings.


Message History

Aim: an ogre mage, wielding a +0 halberd and wearing a +0 robe (chance to affect: 16%)
Okay, then.
Aiming: Throw Flame
Press: ? - help, Shift-Dir - straight line, f/p - ogre mage
Aim: an ogre mage, wielding a +0 halberd and wearing a +0 robe (81% to hit)
The puff of flame misses the ogre mage.
The ogre mage casts a spell at you.
You suddenly lose the ability to move!
You can move again.
Unknown command.
Unknown command.
Unknown command.
The ogre mage points at you and mumbles some strange words.
The bolt of magma hits you!
The orc shouts!
The ogre mage casts a spell at you.
You suddenly lose the ability to move!
The ogre mage hits you with a +0 halberd!
Xom grants you some temporary aid.
You are now Xom's teddy bear.
The ogre mage casts a spell at you. The bolt of magma hits you!!!
* * * LOW HITPOINT WARNING * * *
A shower of butterflies erupts from you!
The orc closely misses your butterfly.
The ogre mage hits you with a +0 halberd.
* * * LOW HITPOINT WARNING * * *
Your white imp hits the ogre mage.
Your white imp freezes the ogre mage.
Your white imp barely misses the ogre mage.
The ogre mage hits you with a +0 halberd!
* * * LOW HITPOINT WARNING * * *
You emit a cloud of foul miasma!
Your white imp gestures at the ogre mage.
The puff of frost hits the ogre mage.
Your white imp hits the ogre mage but does no damage.
The orc closely misses your white imp.
The ogre mage is engulfed in dark miasma.
The ogre mage is poisoned.
The ogre mage seems to slow down.
The ogre mage hits you with a +0 halberd!
You die...
Xom is highly amused!

#* .....###.#..........### .
##.....#........#......## . #
*##..##.#........#####....#
.##.##.#...............##.#.##.##
........#..#.................#.##
....##.####...#...b.............#
....O# ##..#..5................#.
T...####.......O5................
....#..#.....bo5@................
...#.......#.bb.#............##..
..#......(..(.())..)<........###.
...........##.[.)).............##
............###.......#.........#
............#.........#........#.
..........)..C.......#..........#
......Co.<.......................
............................[....


You could see an ogre mage (poisoned, slow, ally target), an orc, 2 friendly
white imps and a friendly shadow imp (summoned).

Vanquished Creatures
  3 two-headed ogres
  Erica (D:8)
  A deep troll (Orc:1)
  2 cyclopes
  A merfolk siren (Lair:2)
  Joseph (D:7)
  Maggie (D:8)
  Psyche (D:9)
  2 rime drakes (Lair:2)
  A cane toad (Lair:1)
  2 komodo dragons (Lair:1)
  2 trolls
  A polar bear (Lair:2)
  A meliai (Lair:1)
  A hornet (D:9)
  2 queen bees
  A shadow (D:10)
  A wraith (D:8)
  21 yaks
  3 wyverns
  A golden eye (D:5)
  A basilisk (Lair:2)
  A steam dragon (D:8)
  A warg (Orc:1)
  8 water moccasins
  An acid dragon (D:10)
  9 orc warriors
  2 sky beasts (D:6)
  3 ice beasts (D:6)
  3 black bears
  A necrophage (D:6)
  10 centaurs
  A tengu (D:10)
  15 ogres
  2 kobold brigands
  A phantom (D:5)
  A gnoll sergeant (D:10)
  7 bullfrogs
  A water moccasin zombie (D:7)
  A wyvern zombie (D:8)
  A scorpion (D:6)
  A water moccasin skeleton (D:5)
  18 killer bees
  15 wights
  5 electric eels
  A crimson imp (D:8)
  3 howler monkeys (D:10)
  3 centaur zombies
  4 hounds
  12 orc priests
  2 gnoll shamans
  2 iguanas
  A jelly (D:7)
  A bullfrog skeleton (D:5)
  6 orc wizards
  A hound skeleton (D:4)
  2 howler monkey zombies
  14 gnolls
  7 adders
  A shadow imp (D:6)
  3 ufetubi
  A worm (D:2)
  3 dart slugs
  48 orcs
  6 ball pythons
  8 endoplasms
  7 giant cockroaches
  3 goblins
  7 hobgoblins
  8 jackals
  15 kobolds
  5 quokkas
  2 bats
  5 frilled lizards
  4 rats
344 creatures vanquished.

Vanquished Creatures (collateral kills)
  2 two-headed ogres (Orc:1)
  An orc sorcerer (Orc:2)
  An elephant (Lair:2)
  A rime drake (Lair:2)
  A troll (Orc:1)
  10 yaks
  A basilisk (Lair:2)
  A water moccasin (Lair:2)
  An orc warrior (Orc:2)
  2 ogres
  2 killer bees (Lair:2)
  A water moccasin skeleton (D:7)
  A wight (D:7)
  An orc priest (D:7)
  2 orc wizards
  A hell rat (Lair:2)
  3 orcs
32 creatures vanquished.

Vanquished Creatures (others)
  Harold (D:8)
  A cane toad (Lair:2)
  A yak (D:10)
  3 killer bees (Lair:2)
  A bush (Lair:2)
  7 fungi
  65 plants
79 creatures vanquished.

Grand Total: 455 creatures vanquished

Notes
Turn   | Place    | Note
-------+----------+-------------------------------------------
     0 | D:1      | jjjjhere the Demonspawn Fighter began the quest for the
                  | Orb.
     0 | D:1      | Reached XP level 1. HP: 18/18 MP: 1/1
    73 | D:1      | Found a faded altar of an unknown god.
   127 | D:1      | Became a worshipper of Xom of Chaos
   307 | D:1      | XOM: silly message
   316 | D:1      | Gained mutation: Your movements are slightly less
                  | encumbered by armour. (ER -2) [demonic ancestry]
   316 | D:1      | Reached XP level 2. HP: 13/24 MP: 2/2
   955 | D:1      | Reached XP level 3. HP: 29/29 MP: 3/3
  1619 | D:2      | XOM: 7-stop teleportation journey
  1670 | D:2      | XOM: cloud trail
  1950 | D:2      | XOM: divination: detect items
  2303 | D:3      | Gained mutation: You have a pair of small antennae on your
                  | head. [demonic ancestry]
  2303 | D:3      | Reached XP level 4. HP: 35/35 MP: 4/4
  2865 | D:3      | Found a sparkling altar of Nemelex Xobeh.
  2868 | D:3      | Found a bloodstained altar of Trog.
  2870 | D:3      | Found an opulent altar of Gozag.
  2971 | D:3      | XOM: divination: magic mapping
  3464 | D:4      | Reached XP level 5. HP: 41/41 MP: 5/5
  3521 | D:4      | Noticed a centaur
  3528 | D:4      | XOM: potion effect (might)
  3530 | D:4      | Killed a centaur
  3608 | D:4      | XOM: god gift: 3 boomerangs of dispersal
  3788 | D:4      | HP: 10/41 [gnoll (12)]
  3794 | D:4      | XOM: fog
  4270 | D:4      | Gained mutation: You may rarely emit foul miasma when
                  | damaged in melee. [demonic ancestry]
  4270 | D:4      | Reached XP level 6. HP: 38/47 MP: 6/6
  4300 | D:4      | XOM: god gift: flail {god gift}
  4564 | D:4      | HP: 14/47 [ufetubus (3)]
  4569 | D:4      | HP: 14/47 [giant cockroach (1)]
  4806 | D:4      | Reached skill level 5 in Maces & Flails
  4860 | D:4      | XOM: god gift: 46 gold pieces
  4904 | D:4      | XOM: give mutations
  4904 | D:4      | Gained mutation: You have supernaturally acute eyesight.
                  | (SInv) [Xom's grace]
  4904 | D:4      | Gained mutation: You are partially covered in large bone
                  | plates. (SH +4) [Xom's grace]
  4904 | D:4      | Gained mutation: You are resistant to electric shocks.
                  | (rElec) [Xom's grace]
  4952 | D:4      | Identified the +0 scale mail of Whack-A-Mole {Harm rC+
                  | Str-3}
  5014 | D:4      | Reached skill level 5 in Shields
  5107 | D:4      | XOM: summons 1 hostile demon
  5446 | D:4      | XOM: scenery: 1 doors close
  5506 | D:5      | Entered Level 5 of the Dungeon
  5750 | D:5      | XOM: confuse monster(s)
  5763 | D:5      | Reached XP level 7. HP: 22/52 MP: 7/7
  5865 | D:5      | XOM: god gift: scroll labelled LIDISA TAIJ {god gift}
  6403 | D:5      | XOM: confuse monster(s)
  6434 | D:5      | Found a runed translucent door.
  6454 | D:5      | Reached XP level 8. HP: 55/58 MP: 8/8
  6632 | D:5      | Found a staircase to the Ecumenical Temple.
  6641 | D:5      | XOM: god gift: murky puce potion {god gift}
  6654 | D:5      | XOM is BORED!
  6654 | D:5      | XOM: give mutation
  6654 | D:5      | Gained mutation: You sometimes lose the ability to read
                  | scrolls when taking damage. [Xom's mischief]
  6735 | D:5      | Noticed fortune76's ghost (novice DrEE)
  6770 | D:5      | XOM: god gift: flail {god gift}
  6773 | D:5      | XOM: polymorph sky beast -> golden eye
  6783 | D:5      | XOM: scenery: create altars
  6787 | D:5      | XOM: potion effect (might)
  7177 | D:6      | XOM: divination: magic mapping
  7179 | D:6      | XOM: butterfly on damage
  7241 | D:6      | XOM: cleaving
  7244 | D:6      | XOM: enchant monster (bad)
  7254 | D:6      | XOM: 3-stop teleportation journey
  7385 | D:6      | XOM: silly message
  7395 | D:6      | Gained mutation: You have a pair of antennae on your head.
                  | [demonic ancestry]
  7395 | D:6      | Reached XP level 9. HP: 63/63 MP: 9/9
  7588 | D:6      | XOM: god gift: 6 atropa-tipped darts
  7733 | D:6      | XOM: give mutations
  7733 | D:6      | Gained mutation: Your muscles are strong. (Str +2) [Xom's
                  | grace]
  7733 | D:6      | Gained mutation: You are robust. (+10% HP) [Xom's grace]
  8110 | D:7      | XOM: god gift: scroll labelled VEHI IQOTRA {god gift}
  8252 | D:7      | XOM: enchant monster (good)
  8298 | D:7      | XOM: 3-stop teleportation journey
  8317 | D:7      | XOM: fog
  8327 | D:7      | XOM: summons 4 friendly demons
  8376 | D:6      | XOM: god gift: 2 scrolls labelled ZAOTAHE VIBUI {god gift}
  8412 | D:6      | XOM: god gift: falchion {god gift}
  8464 | D:7      | Noticed Joseph
  8570 | D:7      | Killed Joseph
  8601 | D:7      | XOM: give mutations
  8601 | D:7      | Gained mutation: You expend magic power (3 MP) to
                  | strengthen your wands. [Xom's grace]
  8601 | D:7      | Gained mutation: You are very robust. (+20% HP) [Xom's
                  | grace]
  8601 | D:7      | Gained mutation: Your natural rate of healing is unusually
                  | fast. [Xom's grace]
  8601 | D:7      | Gained mutation: You are strong-willed. (Will+) [Xom's
                  | grace]
  8940 | D:7      | XOM: scenery: summon butterflies
  8974 | D:7      | XOM: god gift: 27 arrows
  9038 | D:8      | XOM: silly message
  9046 | D:8      | XOM: 6-stop teleportation journey
  9060 | D:8      | XOM: smoke on damage
  9153 | D:8      | XOM: god gift: scroll labelled ZAOTAHE VIBUI {god gift}
  9157 | D:8      | Noticed Harold
  9158 | D:8      | XOM: divination: magic mapping
  9161 | D:8      | HP: 24/75 [Harold (9)]
  9165 | D:8      | Killed Harold
  9165 | D:8      | XOM: divine lightning
  9166 | D:8      | Gained mutation: Spells you cast may paralyse adjacent
                  | enemies. [demonic ancestry]
  9166 | D:8      | Reached XP level 10. HP: 40/84 MP: 10/10
  9168 | D:8      | Noticed Erica
  9175 | D:8      | XOM: divination: magic mapping
  9178 | D:8      | XOM: enchant monster (good)
  9220 | D:8      | XOM: summons 6 friendly demons
  9271 | D:8      | Found a hide-covered altar of Uskayaw.
  9372 | D:8      | Reached skill level 10 in Maces & Flails
  9405 | D:8      | XOM: give mutations
  9405 | D:8      | Gained mutation: You are somewhat resistant to further
                  | mutation. [Xom's grace]
  9405 | D:8      | Gained mutation: You have an increased reservoir of magic.
                  | (+10% MP) [Xom's grace]
  9430 | D:8      | Found a runed translucent door.
  9430 | D:8      | XOM: 9-stop teleportation journey
  9451 | D:8      | Killed Erica
  9452 | D:8      | Reached skill level 10 in Shields
  9494 | D:8      | XOM: 1-stop teleportation journey
  9518 | D:8      | XOM: god gift: 24 stones
  9598 | D:8      | XOM: 4-stop teleportation journey
  9626 | D:8      | XOM: polymorph white imp -> crimson imp
  9723 | D:8      | Noticed PewDiePie's ghost (novice MiBe)
  9723 | D:8      | Identified the +6 spear of Conscience {flame, rPois rCorr}
  9755 | D:8      | XOM: summons friendly iron imp
 10114 | D:8      | XOM: summons 9 friendly demons
 10120 | D:8      | XOM: cast spell 'Discord'
 10183 | D:8      | XOM: divination: detect items
 10205 | D:8      | XOM: silly message
 10277 | D:8      | XOM: silly message
 10278 | D:8      | XOM: give mutations
 10278 | D:8      | Lost mutation: You sometimes lose the ability to read
                  | scrolls when taking damage. [Xom's mischief]
 10278 | D:8      | Lost mutation: Your muscles are strong. (Str +2) [Xom's
                  | mischief]
 10278 | D:8      | Gained mutation: You are clumsy. (Dex -2) [Xom's mischief]
 10278 | D:8      | Lost mutation: You have supernaturally acute eyesight.
                  | (SInv) [Xom's mischief]
 10300 | D:8      | Noticed Maggie
 10420 | D:8      | XOM: give mutations
 10420 | D:8      | Gained mutation: Armour fits poorly on your strangely
                  | shaped body. [Xom's mischief]
 10420 | D:8      | Gained mutation: You sometimes lose the ability to read
                  | scrolls when taking damage. [Xom's mischief]
 10420 | D:8      | Lost mutation: You expend magic power (3 MP) to strengthen
                  | your wands. [Xom's mischief]
 10433 | D:9      | XOM: give mutations
 10433 | D:9      | Lost mutation: You are somewhat resistant to further
                  | mutation. [Xom's mischief]
 10433 | D:9      | Lost mutation: You are strong-willed. (Will+) [Xom's
                  | mischief]
 10433 | D:9      | Lost mutation: You are clumsy. (Dex -2) [Xom's mischief]
 10445 | D:8      | XOM: silly message
 10526 | D:8      | XOM: scenery: summon butterflies
 10548 | D:8      | Killed Maggie
 10891 | D:9      | Found a blossoming altar of Fedhas.
 10892 | D:9      | Found a basalt altar of Yredelemnul.
 10892 | D:9      | Found a sacrificial altar of Ru.
 10893 | D:9      | Found a shadowy altar of Dithmenos.
 10895 | D:9      | Found a shimmering altar of Xom.
 10992 | D:9      | Noticed Psyche
 11009 | D:9      | Killed Psyche
 11075 | D:9      | XOM: god gift: glaive {god gift}
 11112 | D:9      | Paralysed by a hornet for 2 turns
 11122 | D:9      | XOM: summons 2 friendly demons
 11156 | D:9      | Found a staircase to the Orcish Mines.
 11156 | D:9      | XOM: swap monsters
 11162 | D:9      | XOM: summons friendly shadow imp
 11193 | D:9      | XOM: noise
 11203 | D:9      | XOM: potion effect (invisibility)
 11229 | D:9      | XOM: summons friendly crimson imp
 11237 | D:9      | Reached XP level 11. HP: 90/90 MP: 12/12
 11272 | D:9      | XOM: silly message
 11499 | D:9      | XOM: give mutations
 11499 | D:9      | Lost mutation: You are very robust. (+20% HP) [Xom's
                  | mischief]
 11499 | D:9      | Lost mutation: You sometimes lose the ability to read
                  | scrolls when taking damage. [Xom's mischief]
 11940 | D:9      | XOM: stat loss: -1 Str (18/19)
 11995 | D:9      | Noticed a two-headed ogre
 11997 | D:9      | a two-headed ogre changed into a cyclops
 11997 | D:9      | XOM: polymorph two-headed ogre -> cyclops
 12025 | D:9      | XOM: blink monster(s)
 12026 | D:9      | XOM: confuse monster(s)
 12071 | D:9      | XOM: give mutations
 12071 | D:9      | Lost mutation: You are robust. (+10% HP) [Xom's mischief]
 12071 | D:9      | Gained mutation: You are agile. (Dex +2) [Xom's mischief]
 12108 | D:9      | XOM: summons 8 friendly demons
 12203 | D:10     | Entered Level 10 of the Dungeon
 12439 | D:10     | XOM: summons friendly crimson imp
 12449 | D:10     | XOM: summons friendly quasit
 12478 | D:10     | XOM: polymorph wyvern -> acid dragon
 12492 | D:10     | HP: 18/75 [wyvern (8)]
 12498 | D:10     | XOM: give mutations
 12498 | D:10     | Gained mutation: You have sharp toenails. [Xom's grace]
 12498 | D:10     | Gained mutation: You passively map a small area around you.
                  | [Xom's grace]
 12549 | D:10     | XOM: scenery: 1 doors close
 12584 | D:10     | Found a staircase to the Lair.
 12584 | D:10     | XOM: 7-stop teleportation journey
 12698 | D:10     | XOM: cleaving
 12770 | D:10     | XOM: polymorph water moccasin -> tengu
 12959 | D:10     | XOM: 3-stop teleportation journey
 13275 | D:11     | XOM: silly message
 13343 | Lair:1   | Entered Level 1 of the Lair of Beasts
 13353 | Lair:1   | XOM: repel stairs
 13498 | Lair:1   | XOM: stat loss: -1 Dex (21/22)
 13736 | Lair:1   | XOM: cast spell 'Summon Mana Viper'
 13749 | Lair:1   | XOM: cast spell 'Cause Fear'
 13865 | Lair:1   | XOM: cloud trail
 14056 | Lair:2   | XOM: divination: detect items
 14117 | Lair:2   | XOM: silly message
 14128 | Lair:2   | XOM: confuse monster(s)
 14161 | Lair:2   | XOM: confuse monster(s)
 14185 | Lair:2   | XOM: noise
 14188 | Lair:2   | Identified a scroll of acquirement
 14485 | Lair:2   | XOM: summons friendly ufetubus
 14511 | Lair:2   | Gained mutation: Spells you cast may paralyse nearby
                  | enemies. [demonic ancestry]
 14511 | Lair:2   | Reached XP level 12. HP: 73/81 MP: 13/13
 14534 | Lair:2   | XOM: confusion (+ monsters)
 14543 | Lair:2   | HP: 21/81 [killer bee (6)]
 14544 | Lair:2   | HP: 9/81 [meliai/divine providence (17)]
 14672 | Lair:1   | HP: 15/81 [komodo dragon (29)]
 14672 | Lair:1   | XOM: butterfly on damage
 14944 | Lair:2   | Found a staircase to the Shoals.
 15012 | Lair:2   | XOM: polymorph meliai -> golden eye
 15013 | Lair:2   | HP: 19/81 [meliai/divine providence (10)]
 15020 | Lair:1   | HP: 23/81 [meliai/divine providence (14)]
 15090 | Lair:1   | XOM: give mutations
 15090 | Lair:1   | Gained mutation: You are weak. (Str -2) [Xom's mischief]
 15090 | Lair:1   | Gained mutation: You are very weak. (Str -4) [Xom's
                  | mischief]
 15090 | Lair:1   | Lost mutation: Armour fits poorly on your strangely shaped
                  | body. [Xom's mischief]
 15104 | Lair:2   | XOM: polymorph golden eye -> rime drake
 15106 | Lair:2   | XOM: summons 10 friendly demons
 15142 | Lair:2   | XOM: enchant monster (good)
 15146 | Lair:2   | XOM: god gift: phial of floods
 15155 | Lair:2   | XOM: summons 8 friendly demons
 15262 | Orc:1    | Entered Level 1 of the Orcish Mines
 15376 | Orc:1    | Found Leqel's Antique Weapon Shop.
 15401 | Orc:1    | XOM: scenery: 1 doors close
 15618 | Orc:2    | Entered Level 2 of the Orcish Mines
 15668 | Orc:2    | XOM: summons 12 friendly demons
 15789 | Orc:2    | XOM: fog
 15866 | Orc:2    | Noticed a two-headed ogre
 15871 | Orc:2    | Killed a two-headed ogre
 15891 | Orc:2    | XOM: give mutation
 15891 | Orc:2    | Gained mutation: You passively dampen the noise of your
                  | surroundings. [Xom's grace]
 15934 | Orc:2    | Noticed an ogre mage
 15935 | Orc:2    | Noticed a two-headed ogre
 15936 | Orc:2    | XOM: summons 2 friendly demons
 15938 | Orc:2    | XOM: cleaving
 15942 | Orc:2    | XOM: polymorph shadow imp -> white imp
 15955 | Orc:1    | XOM: god gift: scroll of vulnerability
 15978 | Orc:2    | Paralysed by something for 2 turns
 15990 | Orc:1    | XOM: god gift: 4 boomerangs of dispersal
 15991 | Orc:1    | XOM: cast spell 'Summon Hydra'
 15993 | Orc:1    | Killed a two-headed ogre
 16023 | Orc:2    | Paralysed by an ogre mage for 4 turns
 16196 | Orc:2    | Noticed a two-headed ogre
 16196 | Orc:2    | Noticed a two-headed ogre
 16196 | Orc:2    | Found a staircase to the Elven Halls.
 16196 | Orc:2    | Found Qolaa's Assorted Antiques.
 16196 | Orc:2    | Found Opatal's Weapon Boutique.
 16196 | Orc:2    | Noticed a two-headed ogre
 16196 | Orc:2    | Found Vipporav's Antique Armour Shop.
 16196 | Orc:2    | Found Folatodutt's Magic Scroll Shop.
 16196 | Orc:2    | Noticed a two-headed ogre
 16196 | Orc:2    | XOM: 7-stop teleportation journey
 16200 | Orc:2    | XOM: scenery: summon butterflies
 16212 | Orc:2    | XOM: divination: detect items
 16217 | Orc:1    | XOM: silly message
 16219 | Orc:1    | XOM: summons 10 friendly demons
 16224 | Orc:1    | Killed a two-headed ogre
 16256 | Orc:1    | XOM: cleaving
 16261 | Orc:1    | Killed a two-headed ogre
 16263 | Orc:1    | XOM: potion effect (might)
 16265 | Orc:1    | Killed a two-headed ogre
 16288 | Orc:2    | Paralysed by an ogre mage for 3 turns
 16292 | Orc:2    | Paralysed by an ogre mage for 6 turns
 16294 | Orc:2    | XOM: summons 3 friendly demons
 16294 | Orc:2    | HP: 23/81 [ogre mage/bolt of magma (36)]
 16294 | Orc:2    | XOM: butterfly on damage
 16296 | Orc:2    | HP: 7/81 [ogre mage (14)]
 16297 | Orc:2    | Slain by an ogre mage

Illustrated notes

Levels and vault maps discovered:
D:1:      dpeg_arrival_tiny_d, layout_loops_ring, serial_co_window_serial,
          co_window_of_opportunity_a, co_window_paths_b, co_window_paths_a,
          co_window_corner_a, co_window_paths_b, co_window_corner_a,
          co_window_of_opportunity_b, co_window_of_opportunity_b,
          co_window_broadway_c, co_window_corner_b, co_window_unsneaky_path_e,
          co_window_sun, glass_columns_b,
          hellmonk_ecumenical_altar_pennies_from_heaven, minmay_strange_pillars
D:2:      wad_pebble_path, layout_basic, hex_tiny,
          hangedman_decor_clover_reticule
D:3:      wad_crossroads, layout_basic, nicolae_overflow_hidden_temple
D:4:      minmay_diamond_boxcup, layout_loops_ring, minivault_19,
          nrook_mini_vaults, chequers_avenue, dk_rats_in_the_wall
D:5:      layout_basic, minmay_temple_entry_statues_pillars,
          ebering_ghost_reflecting_pool, hex_intersection
D:6:      layout_loops_ring
D:7:      layout_loops_ring, minivault_4, chequers_serial_rivers_micro_e,
          uniq_joseph
D:8:      layout_loops_corners, old_standard_altar, ebering_ghost_funeral_grove,
          nicolae_looking_at_the_future, uniq_erica, uniq_maggie, uniq_harold
D:9:      layout_stronghold, minitemple, david_orc_3, uniq_psyche
D:10:     layout_roguey, minmay_lair_entry_grove, grunt_ministairs_1,
          serial_bayou_lagoon_b
D:11:     layout_long_grid, minmay_fountain_box
Lair:1:   layout_gridlike, grunt_megastairs_1
Lair:2:   regret_index_combs_of_tragedy, layout_misc_corridors,
          minmay_shoals_entry_lonely_mermaid, special_room,
          cheibrodos_lair_caveside_slide
Orc:1:    layout_diamond_mine, gammafunk_ghost_smash, serial_shops,
          nicolae_shop_window_shopping
Orc:2:    st_orc_open, layout_caves

Skill      XL: |  1  2  3  4  5  6  7  8  9 10 11 12 |
---------------+-------------------------------------+-----
Maces & Flails | 2 3 4 5 6 8 9 11 12 13 | 13.7
Shields        | 3 4 5 6 7 9 11 12 13 | 13.7
Fighting       | |  3.0
Armour         | |  2.6

Action                   |  1- 3 |  4- 6 |  7- 9 | 10-12 || total
-------------------------+-------+-------+-------+-------++-------
Melee: Flail             |   147 |   223 |   447 |   898 ||  1715
       Morningstar       |       |       |       |   222 ||   222
       Kick              |       |       |       |   241 ||   241
Throw: Javelin           |     1 |    18 |    21 |     5 ||    45
       Dart              |       |       |    22 |    20 ||    42
       Throwing net      |       |       |       |     1 ||     1
Evoke: Wand              |       |       |       |    21 ||    21
       Phial of floods   |       |       |       |     1 ||     1
  Use: Scroll            |       |     8 |     3 |     7 ||    18
       Potion            |       |       |     5 |     5 ||    10
 Stab: Invisible         |       |       |     1 |    14 ||    15
       Held in net/web   |       |       |       |     4 ||     4
       Confused          |       |       |       |     4 ||     4
       Paralysed         |       |       |       |     2 ||     2
       Distracted        |       |       |       |     1 ||     1
Armor: Scale mail        |     6 |       |       |       ||     6
       Chain mail        |    79 |   148 |    93 |   155 ||   475
       Skin              |       |       |       |     1 ||     1
Dodge: Dodged            |    40 |    50 |    86 |   198 ||   374
Block: Kite shield       |    78 |    22 |       |       ||   100
       Tower shield      |       |   178 |   471 |  1222 ||  1871
